[ AOE2 MATCH · #495697675 ]
UnrankedHuns vs Burgundians
Player's team · LOSS
[ REPLAY ANALYSIS · EXTRACTED FROM THE RECORDED GAME ]
Feudal
8:51
Castle
19:54
Imperial
39:51
| APM avg | 44.6 |
| APM peak | 69 |
| eAPM avg | 24.5 |
| Villagers / military | 164 / 151 |
Focus
⚔️ 37.6% · 🌾 62.4%
Spearman ×82 · Knight ×27 · Scout Cavalry ×21 · Monk ×10 · Skirmisher ×8 · Trebuchet (Packed) ×3
Feudal
9:11
Castle
20:26
Imperial
35:59
| APM avg | 43.9 |
| APM peak | 85 |
| eAPM avg | 17.9 |
| Villagers / military | 124 / 138 |
Focus
⚔️ 31.8% · 🌾 68.2%
Knight ×63 · Hand Cannoneer ×43 · Scout Cavalry ×14 · Spearman ×7 · Skirmisher ×5 · Monk ×3
Match map
Initial resources + every placement click. Lines = walls · curves = elevation contours. ◆ gold · ⬟ stone · ● berries · ✦ relic · ◌ wall gap
Your base· Open — 7t gap
Player91341922's base· Open — 1t gap
Smoothed initial terrain · ◌ = detected wall gap · hover for details
Inputs per minute
— Mingzhou - - Player91341922
Build order — Mingzhou
First 150 of 478 actions detected
| 0:01 | Create | Villager (Male) |
| 0:01 | Create | Villager (Male) |
| 0:14 | Create | Villager (Male) |
| 0:20 | Create | Villager (Male) |
| 1:17 | Create | Villager (Male) |
| 1:42 | Create | Villager (Male) |
| 1:44 | Build | Lumber Camp |
| 2:20 | Create | Villager (Male) |
| 2:20 | Create | Villager (Male) |
| 2:39 | Create | Villager (Male) |
| 3:11 | Create | Villager (Male) |
| 3:12 | Create | Villager (Male) |
| 3:48 | Create | Villager (Male) |
| 3:48 | Create | Villager (Male) |
| 4:31 | Create | Villager (Male) |
| 4:32 | Create | Villager (Male) |
| 4:48 | Build | Mill |
| 5:21 | Create | Villager (Male) |
| 5:22 | Create | Villager (Male) |
| 5:45 | Research | Loom |
| 6:36 | Research | Feudal Age |
| 7:10 | Build | Barracks |
| 7:39 | Create | Villager (Male) |
| 7:39 | Create | Villager (Male) |
| 8:51 | Age | Feudal Age |
| 8:52 | Build | Stable |
| 8:55 | Create | Villager (Male) |
| 8:55 | Create | Villager (Male) |
| 9:33 | Create | Scout Cavalry |
| 9:33 | Create | Scout Cavalry |
| 9:45 | Create | Villager (Male) |
| 9:59 | Create | Scout Cavalry |
| 10:14 | Build | Blacksmith |
| 10:22 | Build | Farm |
| 10:24 | Build | Farm |
| 10:26 | Build | Farm |
| 10:36 | Create | Scout Cavalry |
| 10:37 | Create | Villager (Male) |
| 11:00 | Build | Farm |
| 11:08 | Create | Villager (Male) |
| 11:12 | Create | Scout Cavalry |
| 12:03 | Create | Villager (Male) |
| 12:12 | Research | Forging |
| 12:12 | Research | Forging |
| 12:23 | Create | Villager (Male) |
| 12:25 | Build | Farm |
| 12:27 | Build | Farm |
| 12:29 | Build | Farm |
| 12:30 | Build | Farm |
| 12:34 | Build | Farm |
| 12:44 | Create | Scout Cavalry |
| 12:48 | Create | Villager (Male) |
| 12:51 | Build | Farm |
| 12:52 | Build | Farm |
| 13:01 | Build | Farm |
| 13:19 | Create | Villager (Male) |
| 13:58 | Create | Villager (Male) |
| 14:00 | Build | Farm |
| 14:02 | Build | Farm |
| 14:18 | Create | Villager (Male) |
| 14:20 | Create | Villager (Male) |
| 14:20 | Create | Villager (Male) |
| 14:27 | Build | Mining Camp |
| 14:44 | Build | Farm |
| 15:17 | Create | Villager (Male) |
| 15:26 | Create | Villager (Male) |
| 15:28 | Build | Farm |
| 15:29 | Build | Farm |
| 15:44 | Build | Farm |
| 16:32 | Create | Villager (Male) |
| 16:32 | Create | Villager (Male) |
| 16:49 | Build | Market |
| 17:14 | Research | Castle Age |
| 17:15 | Research | Castle Age |
| 17:42 | Research | Double-Bit Axe |
| 17:42 | Research | Double-Bit Axe |
| 18:16 | Build | Stable |
| 19:03 | Research | Bloodlines |
| 19:04 | Research | Scale Barding Armor |
| 19:17 | Create | Villager (Male) |
| 19:17 | Create | Villager (Male) |
| 19:29 | Build | Lumber Camp |
| 19:34 | Create | Villager (Male) |
| 19:34 | Create | Villager (Male) |
| 19:54 | Age | Castle Age |
| 19:55 | Create | Knight |
| 19:56 | Create | Knight |
| 20:00 | Create | Villager (Male) |
| 20:03 | Research | Horse Collar |
| 20:03 | Research | Horse Collar |
| 20:09 | Create | Knight |
| 20:13 | Create | Villager (Male) |
| 20:23 | Create | Knight |
| 20:43 | Create | Knight |
| 21:07 | Research | Bow Saw |
| 21:13 | Create | Villager (Male) |
| 21:28 | Create | Villager (Male) |
| 21:32 | Build | Town Center |
| 21:48 | Create | Villager (Male) |
| 21:49 | Create | Knight |
| 21:50 | Create | Knight |
| 21:50 | Create | Knight |
| 22:01 | Create | Villager (Male) |
| 22:06 | Build | Monastery |
| 22:33 | Create | Villager (Male) |
| 23:01 | Create | Villager (Male) |
| 23:01 | Create | Villager (Male) |
| 23:19 | Create | Villager (Male) |
| 23:24 | Create | Knight |
| 23:36 | Create | Villager (Male) |
| 23:38 | Create | Villager (Male) |
| 24:04 | Create | Villager (Male) |
| 24:05 | Build | Farm |
| 24:07 | Create | Villager (Male) |
| 24:10 | Create | Monk |
| 24:10 | Create | Monk |
| 24:14 | Build | Farm |
| 24:19 | Create | Villager (Male) |
| 24:21 | Build | Farm |
| 24:22 | Build | Farm |
| 24:25 | Build | Palisade Wall |
| 24:27 | Build | Palisade Wall |
| 24:29 | Build | Farm |
| 24:30 | Build | Farm |
| 24:31 | Create | Villager (Male) |
| 24:33 | Research | Bow Saw |
| 24:33 | Research | Bow Saw |
| 24:36 | Research | Heavy Plow |
| 24:46 | Build | Farm |
| 24:47 | Build | Farm |
| 24:48 | Build | Farm |
| 24:53 | Build | Farm |
| 25:03 | Create | Villager (Male) |
| 25:10 | Create | Monk |
| 25:29 | Create | Villager (Male) |
| 25:30 | Create | Villager (Male) |
| 25:41 | Build | Town Center |
| 25:53 | Create | Knight |
| 25:53 | Create | Knight |
| 25:59 | Create | Knight |
| 26:09 | Create | Monk |
| 26:09 | Create | Monk |
| 26:54 | Create | Villager (Male) |
| 26:56 | Build | Farm |
| 26:57 | Create | Villager (Male) |
| 27:05 | Build | Farm |
| 27:10 | Create | Villager (Male) |
| 27:11 | Create | Villager (Male) |
| 27:12 | Create | Villager (Male) |
| 27:15 | Build | Farm |
Build order — Player91341922
First 150 of 396 actions detected
| 0:01 | Create | Villager (Male) |
| 0:01 | Create | Villager (Male) |
| 0:01 | Create | Villager (Male) |
| 0:02 | Build | House |
| 0:07 | Create | Villager (Male) |
| 1:22 | Build | House |
| 1:26 | Create | Villager (Male) |
| 1:50 | Create | Villager (Male) |
| 1:51 | Create | Villager (Male) |
| 1:59 | Build | Lumber Camp |
| 2:05 | Build | House |
| 2:20 | Create | Villager (Male) |
| 2:20 | Create | Villager (Male) |
| 2:49 | Create | Villager (Male) |
| 3:12 | Create | Villager (Male) |
| 3:29 | Research | Double-Bit Axe |
| 3:45 | Create | Villager (Male) |
| 4:06 | Create | Villager (Male) |
| 4:28 | Create | Villager (Male) |
| 4:51 | Create | Villager (Male) |
| 4:53 | Build | Mill |
| 5:18 | Create | Villager (Male) |
| 5:37 | Create | Villager (Male) |
| 6:04 | Research | Loom |
| 6:36 | Build | House |
| 7:01 | Research | Feudal Age |
| 7:02 | Research | Feudal Age |
| 7:13 | Build | Barracks |
| 7:55 | Research | Horse Collar |
| 7:55 | Research | Horse Collar |
| 8:14 | Build | House |
| 8:19 | Create | Villager (Male) |
| 9:11 | Age | Feudal Age |
| 9:13 | Create | Flemish Militia |
| 9:13 | Create | Flemish Militia |
| 9:17 | Build | Archery Range |
| 9:24 | Create | Villager (Male) |
| 9:38 | Create | Spearman |
| 9:51 | Create | Villager (Male) |
| 9:54 | Research | Bow Saw |
| 10:18 | Create | Villager (Male) |
| 10:28 | Create | Skirmisher |
| 10:29 | Create | Skirmisher |
| 10:35 | Research | Heavy Plow |
| 10:37 | Create | Villager (Male) |
| 10:51 | Create | Skirmisher |
| 11:01 | Build | House |
| 11:08 | Create | Villager (Male) |
| 11:12 | Create | Skirmisher |
| 11:44 | Create | Villager (Male) |
| 12:06 | Create | Spearman |
| 12:07 | Create | Villager (Male) |
| 12:10 | Build | Farm |
| 12:12 | Build | Farm |
| 12:13 | Build | Farm |
| 12:19 | Create | Spearman |
| 12:22 | Create | Villager (Male) |
| 12:26 | Build | Farm |
| 12:28 | Build | Farm |
| 12:38 | Create | Villager (Male) |
| 12:45 | Build | House |
| 12:47 | Build | Blacksmith |
| 12:53 | Create | Spearman |
| 12:55 | Create | Villager (Male) |
| 13:05 | Build | Farm |
| 13:13 | Build | Farm |
| 13:22 | Create | Spearman |
| 13:25 | Create | Skirmisher |
| 13:38 | Build | House |
| 13:39 | Build | House |
| 13:54 | Create | Villager (Male) |
| 13:57 | Build | Farm |
| 14:12 | Create | Villager (Male) |
| 14:24 | Build | Mining Camp |
| 14:25 | Create | Villager (Male) |
| 14:38 | Build | Farm |
| 15:04 | Create | Villager (Male) |
| 15:10 | Build | Lumber Camp |
| 15:19 | Create | Villager (Male) |
| 15:31 | Build | House |
| 15:34 | Build | Palisade Wall |
| 15:37 | Build | Palisade Wall |
| 15:42 | Build | Palisade Wall |
| 15:44 | Build | House |
| 15:52 | Create | Villager (Male) |
| 16:06 | Build | Farm |
| 16:10 | Build | Farm |
| 16:24 | Create | Villager (Male) |
| 16:28 | Build | Market |
| 16:35 | Build | Farm |
| 16:39 | Create | Spearman |
| 16:45 | Create | Villager (Male) |
| 16:48 | Create | Spearman |
| 16:57 | Create | Villager (Male) |
| 17:24 | Build | Farm |
| 17:26 | Build | Farm |
| 17:28 | Build | Farm |
| 17:46 | Research | Castle Age |
| 17:47 | Research | Castle Age |
| 18:31 | Build | Stable |
| 18:41 | Research | Scale Barding Armor |
| 18:44 | Research | Gold Mining |
| 18:49 | Build | Lumber Camp |
| 18:52 | Build | Lumber Camp |
| 19:14 | Build | Stable |
| 19:18 | Research | Forging |
| 20:18 | Create | Villager (Male) |
| 20:26 | Age | Castle Age |
| 20:31 | Build | Town Center |
| 20:33 | Create | Knight |
| 20:33 | Create | Knight |
| 20:39 | Research | Chain Barding Armor |
| 20:54 | Create | Villager (Male) |
| 21:00 | Build | Farm |
| 21:01 | Build | Mill |
| 21:03 | Build | Farm |
| 21:06 | Build | Farm |
| 21:12 | Research | Husbandry |
| 21:26 | Create | Villager (Male) |
| 21:33 | Build | Farm |
| 21:34 | Build | Farm |
| 21:35 | Create | Villager (Male) |
| 21:52 | Create | Villager (Male) |
| 22:06 | Research | Cavalier (upgrade) |
| 22:09 | Build | Farm |
| 22:21 | Build | Monastery |
| 22:26 | Create | Villager (Male) |
| 22:26 | Create | Villager (Male) |
| 22:36 | Create | Knight |
| 22:36 | Create | Knight |
| 23:24 | Create | Knight |
| 23:24 | Create | Knight |
| 23:38 | Create | Villager (Male) |
| 23:38 | Create | Villager (Male) |
| 23:46 | Create | Knight |
| 23:46 | Create | Knight |
| 23:46 | Create | Knight |
| 23:52 | Build | Stable |
| 23:55 | Build | Farm |
| 24:08 | Create | Knight |
| 24:08 | Create | Knight |
| 24:11 | Create | Monk |
| 24:28 | Create | Villager (Male) |
| 24:29 | Create | Villager (Male) |
| 24:29 | Create | Villager (Male) |
| 24:38 | Create | Knight |
| 24:44 | Create | Knight |
| 24:44 | Create | Knight |
| 24:44 | Create | Knight |
| 24:53 | Create | Knight |
Match timeline
| 7:10 | Mingzhou · first_building Barracks |
| 7:13 | Player91341922 · first_building Barracks |
| 8:51 | Mingzhou · age_up feudal |
| 8:52 | Mingzhou · first_building Stable |
| 9:11 | Player91341922 · age_up feudal |
| 9:17 | Player91341922 · first_building Archery Range |
| 15:34 | Player91341922 · wall_segment Palisade Wall x1 |
| 15:37 | Player91341922 · wall_segment Palisade Wall x1 |
| 15:42 | Player91341922 · wall_segment Palisade Wall x1 |
| 18:31 | Player91341922 · first_building Stable |
| 19:54 | Mingzhou · age_up castle |
| 20:26 | Player91341922 · age_up castle |
| 22:02 | Player91341922 · first_market_sell 100 wood |
| 22:06 | Mingzhou · first_building Monastery |
| 22:21 | Player91341922 · first_building Monastery |
| 24:25 | Mingzhou · wall_segment Palisade Wall x8 |
| 24:27 | Mingzhou · wall_segment Palisade Wall x12 |
| 24:42 | Player91341922 · first_market_buy 100 food |
| 29:26 | Mingzhou · wall_segment Palisade Wall x4 |
| 35:59 | Player91341922 · age_up imperial |
| 37:12 | Mingzhou · first_market_buy 100 stone |
| 37:20 | Mingzhou · first_building Castle |
| 37:23 | Player91341922 · first_building Castle |
| 39:51 | Mingzhou · age_up imperial |
| 40:54 | Player91341922 · first_building Siege Workshop |
| 41:04 | Mingzhou · first_building Siege Workshop |
| 43:35 | Mingzhou · first_building Archery Range |
| 45:43 | Mingzhou · resign |
[ AI ANALYSIS · 1 CREDIT ]
What really happened in this match?
Wolo.gg analyzes every decision: build order, eco, micro, common mistakes by bracket. Personalized analysis on WhatsApp or Discord in 30 seconds.
Civ guide
Huns
Perfil
Jugador #358539